[Event "*** Titled Tuesday Blitz"]
[Site "Chess.com"]
[Date "2021.03.30"]
[Round "3"]
[White "onetowin"]
[Black "Piccadilly123"]
[Result "1-0"]
[WhiteElo "2015"]
[BlackElo "2286"]
[TimeControl "180+1"]
[EndTime "10:28:40 PDT"]
[Termination "onetowin won on time"]

1. d4 d5 2. Nf3 Nf6 3. g3 e6 4.
Bg2 Be7 5. O-O O-O 6. c4 b6 7.
Nc3 Bb7 8. Ne5 Nbd7 9. Qa4 c5 10. cxd5 Nxe5 11. dxe5 Nxd5 12. Rd1 Rc8 13. Qc4 Qc7 14. Bxd5 exd5 15. Nxd5 Qxe5 16. Bf4 Qe6 17. Nxe7+ Qxe7 18. Bd6 Qf6 19. Bxf8 Rxf8 20. Rd2 h5 21. Rad1 g6 22. Rd7 Qc6 23. f3 b5 24. Qf4 c4 25. R1d6 Qc5+ 26.
Qd4 Qxd4+ 27. Rxd4 Bc6 28. Rxa7 Re8 29. e4 Rc8 30. Rd6 Kf8 31. Rf6 Be8 32. Rb6 Kg8 33. Rbb7 Kf8 34. Kf2 Rc6 35. Ke3 Rd6 36. Kf4 Rd2 37.
Ke5 Rd8 38. f4 Rd3 39. f5 1-0

[Event "*** Titled Tuesday Blitz"]
[Site "Chess.com"]
[Date "2021.03.30"]
[Round "3"]
[White "jaskol95"]
[Black "anon102030"]
[Result "0-1"]
[WhiteElo "2411"]
[BlackElo "2739"]
[TimeControl "180+1"]
[EndTime "10:28:41 PDT"]
[Termination "anon102030 won by resignation"]

1. d4 Nf6 2. Bf4 d6 3. Nc3 g6 4. e4 Bg7 5. Qd2 Nc6 6. O-O-O O-O 7. Nf3 Bg4 8. Qe3 a6 9. Bh6 e6 10. h3 Bxf3 11. gxf3 Nh5 12. h4 Bxh6 13. Qxh6 Qf6 14. d5 Ne5 15. Be2 Qf4+ 16. Qxf4 Nxf4 17. Kd2 f5 18. dxe6 Nxe6 19. Nd5 Rae8 20. Ke3 c6 21. Nc3 fxe4 22. fxe4 d5 23. exd5 Nf4 24. dxc6 Nxc6+ 25. Kd2 Nxe2 26. Nxe2 Rxf2 27. Rhe1 Nd4 28. Kd3 Rfxe2 29. Rxe2 Nxe2 30. c3 Nf4+ 31. Kc4 Re7 32. Rd4 Ng2 33.
h5 g5 34. Kc5 Nf4 35. Kd6 Kf7 36. b4 b5 37. Kc6 Re6+ 38. Kb7 Nxh5 39. c4 bxc4 40. Rxc4 Nf6 41. a4 g4 42. b5 axb5 43. axb5 g3 44. Rc3 Ne4 45. Rc2 Nd6+ 46. Ka6 Nxb5+ 47.
Kxb5 Rg6 48. Rg2 h5 49. Kc4 h4 50. Kd4 h3 51. Rg1 h2 52. Rh1 g2 53. Rxh2 g1=Q+ 54. Kc3 Qxh2 0-1

[Event "*** Titled Tuesday Blitz"]
[Site "Chess.com"]
[Date "2021.03.30"]
[Round "3"]
[White "iamnotIM"]
[Black "Pantata007"]
[Result "1-0"]
[WhiteElo "2606"]
[BlackElo "2398"]
[TimeControl "180+1"]
[EndTime "10:28:43 PDT"]
[Termination "iamnotIM won on time"]

1. c4 Nf6 2. Nf3 c5 3. g3 b6 4. Bg2 Bb7 5. O-O e6 6. Nc3 Be7 7. d4 cxd4 8. Qxd4 O-O 9. b3 d6 10. Ba3 Na6 11. Rfd1 Nc5 12. Nb5 Nfe4 13. Qe3 Bf6 14.
Rac1 a6 15. Nbd4 Qc7 16. Nd2 Nxd2 17. Rxd2 Bxg2 18. Kxg2 Qb7+ 19. Qf3 Rac8 20. Qxb7 Nxb7 21. Rcd1 Rfd8 22. e4 g6 23. f4 Be7 24. Nf3 Nc5 25. Bxc5 bxc5 26. e5 dxe5 27. Rxd8+ Rxd8 28. Rxd8+ Bxd8 29. Nxe5 Bc7 30. Nd3 Bd6 31. h3 f5 32. Kf3 Kf7 33. Nb2 Kf6 34. Nd3 g5 35. fxg5+ Kxg5 36. g4 fxg4+ 37. hxg4 Kf6 38. Nf2 Be7 39. Ke4 Kg5 40. Kf3 Kf6 41. a3 1-0

[Event "*** Titled Tuesday Blitz"]
[Site "Chess.com"]
[Date "2021.03.30"]
[Round "3"]
[White "beto-betun"]
[Black "sergeikim"]
[Result "0-1"]
[WhiteElo "2223"]
[BlackElo "2506"]
[TimeControl "180+1"]
[EndTime "10:28:43 PDT"]
[Termination "sergeikim won on time"]

1. d4 Nf6 2. Nf3 g6 3. g3 Bg7 4. Bg2 O-O 5. O-O d6 6. c4 Nbd7 7. b3 e5 8. Bb2 exd4 9. Nxd4 Re8 10. Qc2 Nc5 11. Nd2 Qe7 12. Rfe1 Nce4 13. e3 c6 14. Rad1 h5 15. h4 a5 16. a3 Bd7 17.
Re2 Rad8 18. Nxe4 Nxe4 19. Bxe4 Qxe4 20. Qxe4 Rxe4 21. Red2 Ree8 22. Ne2 Bg4 23. Bxg7 Kxg7 24. Kg2 Re6 25. f3 Bf5 26. e4 Bxe4 27. fxe4 Rxe4 28.
Kf3 Rde8 29. Nf4 Re3+ 30. Kf2 Rxb3 31. Rxd6 Rxa3 32. Rd7 Rb3 33. R1d3 Rb2+ 34. Rd2 Rb4 35. c5 Re5 36. Rc7 Rxc5 37. Rdd7 Rf5 38. Ke3 Rb3+ 39. Ke4 Rxg3 40. Rxb7 Rg4 41. Ke3 Rgxf4 42. Rdc7 Rxh4 43. Rxc6 Rg4 44. Rcc7 a4 45. Ra7 h4 46. Rc2 Rg3+ 47.
Ke2 Rg2+ 0-1

[Event "*** Titled Tuesday Blitz"]
[Site "Chess.com"]
[Date "2021.03.30"]
[Round "3"]
[White "Ranindu2003"]
[Black "Agoking701"]
[Result "1-0"]
[WhiteElo "2591"]
[BlackElo "2320"]
[TimeControl "180+1"]
[EndTime "10:28:43 PDT"]
[Termination "Ranindu2003 won by resignation"]

1. e4 e6 2. d4 d5 3. Nd2 c5 4. exd5 exd5 5. Ngf3 Nc6 6. dxc5 Bxc5 7. Nb3 Bb6 8. Bd3 Nge7 9. O-O h6 10. h3 O-O 11. c3 Re8 12. Nbd4 Qc7 13. Be3 Bd7 14. Nb5 Qd8 15. Bf4 Nc8 16. Qd2 a6 17. Nbd4 N8e7 18. Rfe1 Ng6 19. Be3 Bc7 20. Bf5 Bxf5 21. Nxf5 Qf6 22.
Qxd5 Rad8 23. Qc5 b6 24. Qc4 b5 25. Qc5 Bb8 26. N5d4 Nce5 27. Rad1 Nc4 28. Bc1 Nge5 29.
Nxe5 Rxe5 30. Rxe5 Bxe5 31. b3 Na5 32. Be3 Nb7 33.
Qa7 Rd7 34. Qa8+ Kh7 35. Rd2 Nc5 36. b4 Ne4 37. Qxe4+ g6 38. Nf3 Rxd2 39. Bxd2 Bd6 40. Be3 Qxc3 41. g3 h5 42. Ng5+ Kg8 43. Qe8+ 1-0

[Event "*** Titled Tuesday Blitz"]
[Site "Chess.com"]
[Date "2021.03.30"]
[Round "3"]
[White "GianmarcoVaR"]
[Black "chenrip"]
[Result "1-0"]
[WhiteElo "2760"]
[BlackElo "2466"]
[TimeControl "180+1"]
[EndTime "10:28:44 PDT"]
[Termination "GianmarcoVaR won by checkmate"]

1. Nf3 Nf6 2. g3 b5 3. Bg2 Bb7 4. O-O c5 5. d3 e6 6. e4 d5 7.
e5 Nfd7 8. Re1 c4 9. Nbd2 Be7 10. Nf1 Nc6 11. d4 b4 12. h4 h6 13. N1h2 Qb6 14.
Ng4 a5 15. Be3 a4 16. Rb1 O-O-O 17. Qd2 Kb8 18. Bh3 b3 19. axb3 cxb3 20. Ra1 Nb4 21. c3 Nc2 22. Rxa4 Nxe1 23. Qxe1 Ba6 24. Nd2 Bb5 25.
Ra1 Bd3 26. Qd1 Bc2 27. Qe2 Kb7 28. c4 Ra8 29. Rc1 Ra2 30. cxd5 exd5 31. Nxh6 gxh6 32.
Bxd7 Rxb2 33. Qf3 Rd8 34. Qxd5+ Kb8 35. Nc4 Qb7 36. Qxf7 Rxd7 37. e6 Rc7 38. Nxb2 Ba3 39. Bf4 Bxb2 40. Bxc7+ Qxc7 41. e7 Bxc1 42. e8=Q+ Kb7 43.
Qd5+ Kb6 44. Qeb5+ Ka7 45. Qa4+ Kb6 46. Qdb5# 1-0

[Event "*** Titled Tuesday Blitz"]
[Site "Chess.com"]
[Date "2021.03.30"]
[Round "3"]
[White "Firouzja2003"]
[Black "ymoy"]
[Result "1-0"]
[WhiteElo "3096"]
[BlackElo "2723"]
[TimeControl "180+1"]
[EndTime "10:28:45 PDT"]
[Termination "Firouzja2003 won by resignation"]

1. d4 Nf6 2. Bg5 c5 3. d5 Qb6 4. Nc3 d6 5. e4 h6 6. Bxf6 gxf6 7.
Bb5+ Bd7 8. a4 a6 9. a5 Qc7 10. Bxd7+ Nxd7 11. Nge2 b5 12. axb6 Qxb6 13. O-O h5 14.
Ng3 h4 15. Nf5 Ne5 16. f4 Ng6 17. h3 Bh6 18. Ne2 Qxb2 19. Rb1 Qa3 20. c4 Rd8 21. Rb7 Kf8 22. Kh1 Qa2 23. Qd3 a5 24. Nc3 Qa3 25.
Qc2 a4 26. Nb1 Qa1 27. Nd2 Qa3 28. Rf3 Qa1+ 29. Rb1 Qxb1+ 30. Qxb1 Bxf4 31. Rxf4 Nxf4 32. Qb7 Re8 33. Qa7 Rg8 34. Nxh4 Rh8 35. Nf5 Rg8 36.
g3 Nxh3 37. Kg2 Ng5 38. Qxa4 Rb8 39. Qd7 Re8 40. Ne3 Rh8 41. Ng4 Kg7 42. Nf2 Kf8 43. Nf3 Nxf3 44. Kxf3 Rb8 45. Ng4 Rb3+ 46. Ne3 Rb8 47.
Nf5 Re8 48. Qb7 Rg8 49. Qb1 Rh8 50. Qc1 Rb8 51. Qa3 Rg8 52. Qa7 Re8 53. Ne3 Rh8 54. Qd7 Rg8 55. Qh3 Ra8 56. Qh6+ Ke8 57. Qh7 Kf8 58. Nf5 Ra3+ 59. Kg2 Ra2+ 60. Kf3 Ra3+ 61. Kf4 Rg5 62. Qh6+ Ke8 63. Qh8+ Kd7 64. Qf8 Rxf5+ 65. exf5 Rc3 66. Qxf7 Rxc4+ 67. Ke3 Rd4 68. Qe6+ Kd8 69. Qg8+ Kd7 70. Qa8 Rg4 71. Kf3 Rd4 72. Qc6+ Kd8 73. g4 Rc4 74. Kg3 Rc3+ 75. Kh4 Rd3 76. Kh5 Rh3+ 77. Kg6 Rg3 78. Kf7 Rxg4 79. Qe8+ Kc7 80.
Qxe7+ Kb6 81. Qxd6+ Kb5 82. Qxf6 Rd4 83. d6 Kc6 84.
Qxd4 cxd4 85. Ke7 d3 86. d7 d2 87. d8=Q d1=Q 88. Qxd1 1-0

[Event "*** Titled Tuesday Blitz"]
[Site "Chess.com"]
[Date "2021.03.30"]
[Round "3"]
[White "Isajevsky_Anton"]
[Black "Jumbo"]
[Result "0-1"]
[WhiteElo "2524"]
[BlackElo "2787"]
[TimeControl "180+1"]
[EndTime "10:28:45 PDT"]
[Termination "Jumbo won on time"]

1. c4 e6 2. Nf3 d5 3. e3 Nf6 4.
Nc3 b6 5. b3 Be7 6. Bb2 O-O 7.
cxd5 exd5 8. d4 a5 9. Bd3 Ba6 10. O-O Bb4 11. Rc1 Qe7 12. Rc2 Rd8 13. Qe2 Bxd3 14. Qxd3 Rc8 15. Rfc1 c6 16. Ne5 Qe6 17. Na4 Nfd7 18. f4 b5 19. Nc3 Bxc3 20. Rxc3 Nf6 21.
Qxb5 Ne4 22. R3c2 f6 23. Nxc6 Nxc6 24. Rxc6 Rxc6 25. Qxc6 Qxc6 26. Rxc6 a4 27. h3 axb3 28. axb3 Rb8 29. f5 h5 30. Kf1 Rxb3 31. Bc1 Ng3+ 32. Kf2 Nxf5 33. g4 hxg4 34. hxg4 Ne7 35. Rc7 Kf7 36.
Kf3 Ke6 37. Ra7 g5 38. Ba3 Nc6 39. Bc5 Nxa7 40. Bxa7 f5 0-1

[Event "*** Titled Tuesday Blitz"]
[Site "Chess.com"]
[Date "2021.03.30"]
[Round "3"]
[White "Michaelson_11"]
[Black "Blitzking642"]
[Result "0-1"]
[WhiteElo "2250"]
[BlackElo "2453"]
[TimeControl "180+1"]
[EndTime "10:28:45 PDT"]
[Termination "Blitzking642 won on time"]

1. e4 e6 2. d4 d5 3. Nd2 c5 4. exd5 Qxd5 5. Ngf3 cxd4 6. Bc4 Qd6 7. O-O Nf6 8. Nb3 Be7 9. Nfxd4 Nc6 10. Nb5 Qb8 11. Qf3 a6 12. N5d4 Nxd4 13. Nxd4 Qc7 14. Bd3 O-O 15. c3 Rd8 16. Re1 Bd7 17. Bf4 Bd6 18.
Bxd6 Qxd6 19. Rad1 Qb6 20. Qe2 Be8 21. Bb1 Rd6 22. Rd3 Rad8 23. Rf3 Bb5 24. Qc2 Kf8 25. Rxf6 gxf6 26. Qxh7 Rxd4 27. cxd4 Qxd4 28. b3 Ke7 29. Qh3 Qd2 30. Qe3 Qxe3 31. fxe3 Rd2 32. a4 Bc6 33. e4 f5 34. exf5 Rxg2+ 35. Kf1 Rxh2 36. fxe6 fxe6 37. Bd3 Bd5 38. Re2 Rxe2 39. Kxe2 Bxb3 40. a5 Kd6 41. Be4 Bd5 42. Bd3 Kc5 43. Ke3 e5 44. Bc2 Kb4 0-1

[Event "*** Titled Tuesday Blitz"]
[Site "Chess.com"]
[Date "2021.03.30"]
[Round "3"]
[White "kuli4ik"]
[Black "NicoChasin"]
[Result "1-0"]
[WhiteElo "2855"]
[BlackElo "2614"]
[TimeControl "180+1"]
[EndTime "10:28:46 PDT"]
[Termination "kuli4ik won by resignation"]

1. Nf3 Nf6 2. g3 b5 3. Bg2 Bb7 4. Na3 a6 5. c4 e6 6. b3 Bc5 7. O-O Qe7 8. Nc2 O-O 9. d4 Ba7 10. e3 Ne4 11. Bb2 c5 12. d5 exd5 13. cxd5 d6 14. Nh4 f5 15. Qd3 Nd7 16. f3 c4 17. Qe2 c3 18. Ba3 Nec5 19. Rad1 g5 20.
Nxf5 Rxf5 21. Kh1 Rxd5 22. Nd4 Re5 23. Bc1 Re8 24. e4 d5 25. b4 dxe4 26. f4 Rd5 27.
bxc5 Bxc5 28. Nb3 Rxd1 29. Rxd1 Bd6 30. fxg5 Ne5 31. Nd4 Qd7 32. Bf4 Nd3 33. Bxd6 Qxd6 34. Nf5 Qe5 35. Nh6+ Kg7 36. Rg1 Qxg5 37. Ng4 Rf8 38. h4 Qxg4 39. Qxg4+ Kh8 40. Kh2 c2 41. Qd7 Bc8 42. Qd4+ Kg8 43. Bxe4 Rf2+ 44. Bg2 c1=Q 45. Rxc1 Nxc1 46. Qxf2 1-0

[Event "*** Titled Tuesday Blitz"]
[Site "Chess.com"]
[Date "2021.03.30"]
[Round "3"]
[White "Beca95"]
[Black "Cptn2"]
[Result "0-1"]
[WhiteElo "2890"]
[BlackElo "2504"]
[TimeControl "180+1"]
[EndTime "10:28:50 PDT"]
[Termination "Cptn2 won on time"]

1. d4 Nf6 2. c4 b6 3. f3 Bb7 4. e4 g6 5. Nc3 Bg7 6. e5 Ng8 7.
f4 d6 8. Be3 h5 9. Nf3 Nh6 10.
Qd2 Nf5 11. Bf2 dxe5 12. Nxe5 Nd7 13. Nxd7 Qxd7 14. d5 c6 15. Rd1 O-O 16. Be2 Rfd8 17.
O-O e6 18. Bf3 cxd5 19. cxd5 Qe7 20. Rfe1 Qf6 21. Ne4 Qxb2 22. Qxb2 Bxb2 23. dxe6 fxe6 24. Nf6+ Bxf6 25. Bxb7 Rxd1 26. Rxd1 Rd8 27. Re1 Kf7 28. a4 Bd4 29. g3 Bxf2+ 30. Kxf2 Rd2+ 31. Kg1 Kf6 32. Bc8 Nd4 33. Re3 Ra2 34. Bd7 Ke7 35. Bb5 Kd6 36.
Bd3 Ra3 37. Kf2 Nf5 38. Bxf5 Rxe3 39. Bxg6 Ra3 40. Bxh5 Rxa4 41. h4 Ra2+ 42. Ke3 a5 43. Be2 a4 44. Bd3 a3 45. Bc4 Rc2 0-1

[Event "*** Titled Tuesday Blitz"]
[Site "Chess.com"]
[Date "2021.03.30"]
[Round "3"]
[White "tandaleo"]
[Black "AldokhinIvan"]
[Result "1-0"]
[WhiteElo "2361"]
[BlackElo "2528"]
[TimeControl "180+1"]
[EndTime "10:28:50 PDT"]
[Termination "tandaleo won by resignation"]

1. Nf3 Nf6 2. g3 g6 3. Bg2 Bg7 4. O-O O-O 5. d4 d5 6. c4 dxc4 7. Ne5 Nbd7 8. Nxc4 Nb6 9. Ne5 Nfd7 10. Nxd7 Bxd7 11. Nc3 Bc6 12. d5 Bd7 13. Qb3 Qc8 14.
Rd1 Bh3 15. Bh1 Bg4 16. a4 Nd7 17. f3 Bh3 18. e4 c5 19. Be3 c4 20. Qc2 Nc5 21. Bg2 Bxg2 22. Kxg2 Nb3 23. Rab1 f5 24. h3 Qd7 25. Bf2 Rac8 26. Qe2 fxe4 27. fxe4 Nc5 28. Bxc5 Rxc5 29. Rf1 Rcc8 30. e5 e6 31. d6 Rxf1 32. Rxf1 Rc5 33. Qf2 Rxe5 34. Qxa7 h5 35. Qa8+ Kh7 36.
a5 Qc7 37. dxc7 Rc5 38. c8=Q Rxc8 39. Qxc8 Kh6 40. Qxb7 h4 41. a6 hxg3 42. Kxg3 Be5+ 43. Kg2 Kg5 44. a7 Kh4 45. a8=Q 1-0

[Event "*** Titled Tuesday Blitz"]
[Site "Chess.com"]
[Date "2021.03.30"]
[Round "3"]
[White "Jungle_Jaguar"]
[Black "GMKrikor"]
[Result "0-1"]
[WhiteElo "2605"]
[BlackElo "2828"]
[TimeControl "180+1"]
[EndTime "10:28:51 PDT"]
[Termination "GMKrikor won by resignation"]

1. e4 c5 2. Nf3 d6 3. d4 cxd4 4. Nxd4 Nf6 5. Nc3 a6 6. Be3 e5 7. Nb3 Be6 8. f3 h5 9. Qd2 Nbd7 10. O-O-O Rc8 11. Nd5 Bxd5 12. exd5 Be7 13. Kb1 Nb6 14. Be2 Qc7 15. c4 O-O 16. Rc1 Nbd7 17. h3 h4 18. Bg5 a5 19. Bxh4 a4 20. Na1 Ne4 21. fxe4 Bxh4 22. Nc2 Nc5 23. Qe3 Qe7 24. Rcf1 Bg5 25. Qf3 f5 26. exf5 e4 27. Qg4 Bf6 28. Qg3 e3 29. Qxe3 Qxe3 30. Nxe3 Rfe8 31. Rf3 Bg5 32. Rg3 Bf4 33. Rg4 Rxe3 34. Rxf4 Rxe2 35. Rg4 Rf8 36.
Rf1 Nd3 37. f6 Rf7 38. Rf3 Ne5 39. fxg7 Nxf3 40. gxf3 Rxf3 41. a3 Rff2 42. c5 Rxb2+ 43. Ka1 Rbc2 44. Rg1 Rxc5 0-1

[Event "*** Titled Tuesday Blitz"]
[Site "Chess.com"]
[Date "2021.03.30"]
[Round "3"]
[White "Ave_Mariia"]
[Black "kamilianin235"]
[Result "0-1"]
[WhiteElo "2492"]
[BlackElo "2273"]
[TimeControl "180+1"]
[EndTime "10:28:51 PDT"]
[Termination "kamilianin235 won by resignation"]

1. d4 d5 2. c4 dxc4 3. e4 c5 4. d5 e6 5. Bxc4 Nf6 6. Nc3 exd5 7. exd5 a6 8. a4 Bd6 9. Nge2 O-O 10. O-O Nbd7 11. Bf4 Qc7 12. Qd2 Ne5 13. Ba2 b6 14. Rfe1 Bb7 15. Rad1 Rad8 16. Qc1 Qd7 17. Ng3 Rfe8 18.
Bg5 Neg4 19. h3 h6 20. Bf4 Ne5 21. Nge4 Nxe4 22. Nxe4 Bb8 23. Bxh6 Qf5 24. Bg5 f6 25. Bh4 Nd3 26. Rxd3 Rxe4 27. Rf3 Qe5 28. Rxe4 Qh2+ 29. Kf1 Qh1+ 30. Ke2 Qxc1 31. Rd3 Qxb2+ 32. Rd2 Qc3 33. Bg3 Bxg3 34. fxg3 Qxg3 35. Kf1 Qg5 36. Rd1 Bxd5 37. Bxd5+ Rxd5 38. Ree1 Rxd1 39. Rxd1 Qf5+ 40. Ke1 b5 41.
Rd8+ Kh7 42. axb5 axb5 43. Ra8 Qe5+ 44. Kf1 b4 45. Kg1 b3 46. Ra7 b2 47. Rb7 Qe3+ 0-1

[Event "*** Titled Tuesday Blitz"]
[Site "Chess.com"]
[Date "2021.03.30"]
[Round "3"]
[White "sganerdene"]
[Black "Msb2"]
[Result "1-0"]
[WhiteElo "2697"]
[BlackElo "2904"]
[TimeControl "180+1"]
[EndTime "10:28:52 PDT"]
[Termination "sganerdene won by resignation"]

1. e4 e6 2. d4 d5 3. Nc3 Nf6 4. Bg5 dxe4 5. Nxe4 Be7 6. Bxf6 gxf6 7. Nf3 f5 8. Nc3 a6 9. a4 c5 10. d5 Bf6 11.
Bc4 e5 12. d6 e4 13. Ng1 Bd4 14. Qh5 O-O 15. Qh6 Bg7 16. Qf4 Nc6 17. O-O-O Qf6 18.
Kb1 b5 19. Bd5 Bd7 20. Bxc6 Bxc6 21. d7 b4 22. Rd6 Qe7 23. Rxc6 bxc3 24. Qd6 Qg5 25. Ne2 cxb2 26. Rd1 Rad8 27. Nf4 Kh8 28. g3 Qg4 29. Rxc5 Qf3 30. Rxf5 Rxd7 31. Qxd7 Qa3 32.
c3 Qa1+ 33. Kc2 b1=Q+ 34. Rxb1 Qxc3+ 35. Kd1 e3 36. Ne2 Qc4 37. fxe3 Qc5 38. Rxc5 Bf6 39.
Rd5 Rd8 40. Qxd8+ Kg7 41. Qxf6+ Kxf6 42. Rd6+ 1-0

[Event "*** Titled Tuesday Blitz"]
[Site "Chess.com"]
[Date "2021.03.30"]
[Round "3"]
[White "Superfelix"]
[Black "pheonixking2000"]
[Result "0-1"]
[WhiteElo "2466"]
[BlackElo "2772"]
[TimeControl "180+1"]
[EndTime "10:28:53 PDT"]
[Termination "pheonixking2000 won by checkmate"]

1. e4 Nf6 2. Nc3 e5 3. Nf3 d6 4.
d4 exd4 5. Nxd4 Nbd7 6. h3 g6 7. Be3 Bg7 8. Bd3 O-O 9. O-O Re8 10. f4 Nxe4 11. Bxe4 Nc5 12. Qf3 Nxe4 13. Nxe4 Qe7 14.
Rae1 Qxe4 15. Bf2 Qxe1 16. Rxe1 Rxe1+ 17. Bxe1 Bxd4+ 18. Bf2 Bf6 19. c3 c6 20. Bd4 Bxd4+ 21.
cxd4 Be6 22. a3 Re8 23. Kf2 Bd5 24. Qg4 Re6 25. g3 Kg7 26. h4 h5 27. Qd1 Bc4 28. b3 Bd5 29. b4 b5 30. a4 a6 31.
a5 Bc4 32. Qf3 Bd5 33. Qd1 f5 34. Qd2 Kf7 35. Qd1 Ke7 36. Qd2 Bc4 37. Qd1 Re2+ 38. Kg1 Re4 39. d5 cxd5 40. Qa1 d4 41. Kf2 Ke6 42.
Qc1 Kd5 43. Qa1 Re2+ 44. Kf3 Re3+ 45. Kf2 Ke4 46. Qb1+ Bd3 47. Qb3 Re2+ 48. Kg1 Bc4 49. Qb1+ d3 50. Qa1 d2 51. Qb1+ Bd3 52. Qb3 Bc4 53.
Qc2+ Kf3 54. Qc3+ Kg4 55. Qd4 Re1+ 56. Kf2 d1=Q 57. Qc3 Qe2# 0-1

[Event "*** Titled Tuesday Blitz"]
[Site "Chess.com"]
[Date "2021.03.30"]
[Round "3"]
[White "SARGISMV"]
[Black "GregShahade"]
[Result "0-1"]
[WhiteElo "2454"]
[BlackElo "2710"]
[TimeControl "180+1"]
[EndTime "10:28:53 PDT"]
[Termination "GregShahade won by checkmate"]

1. d4 Nf6 2. c4 g6 3. Nc3 d5 4. cxd5 Nxd5 5. Bd2 Nb6 6. Nf3 Bg7 7. Bf4 c5 8. dxc5 Bxc3+ 9. bxc3 Qxd1+ 10. Rxd1 Na4 11. e4 Nxc5 12. Nd2 Be6 13. a3 Nbd7 14. f3 Rc8 15.
Be3 O-O 16. Kf2 Na4 17. c4 Ndc5 18. Rc1 Rfd8 19. Be2 Nd3+ 20. Bxd3 Rxd3 21. Ke2 Rxa3 22. Bxa7 Nc3+ 23. Rxc3 Rxc3 24. Bd4 Bxc4+ 25. Kf2 Rc2 26. Ke3 Rd8 27. Rb1 e5 28. Bxe5 Rcxd2 29. Rxb7 g5 30. Rb8 Rxb8 31. Bxb8 Rxg2 32. Kd4 Be6 33. Ke5 h5 34. Kf6 g4 35. f4 Rxh2 36. f5 Rf2 37.
Kg5 Bc8 38. Kxh5 Re2 39. Kxg4 Rxe4+ 40. Kg5 Rb4 41. Bd6 Rb5 42. Be5 Rxe5 43. Kh6 Bxf5 44. Kg5 Be6+ 45. Kh6 Re1 46. Kg5 Rg1+ 47. Kf6 Rg6+ 48.
Ke7 Kg7 49. Ke8 Ba2 50. Ke7 f5 51. Ke8 f4 52. Ke7 Rf6 53. Kd7 Kg6 54. Ke7 f3 55. Ke8 Rf7 56. Kd8 Kf6 57. Ke8 Ke6 58. Kd8 Kd6 59. Ke8 Rf6 60. Kd8 Rf8# 0-1

[Event "*** Titled Tuesday Blitz"]
[Site "Chess.com"]
[Date "2021.03.30"]
[Round "3"]
[White "fabianvivasz"]
[Black "arminmusovic"]
[Result "1-0"]
[WhiteElo "2404"]
[BlackElo "2556"]
[TimeControl "180+1"]
[EndTime "10:28:53 PDT"]
[Termination "fabianvivasz won by resignation"]

1. e4 c6 2. d4 d5 3. e5 c5 4. dxc5 Nc6 5. Nf3 Bg4 6. Nc3 e6 7. Bb5 Bxc5 8. h3 Bh5 9. Bf4 Ne7 10. O-O a6 11. Bxc6+ bxc6 12. a3 h6 13. Qd3 O-O 14. b4 Bg6 15. Qd2 Ba7 16. Be3 Nf5 17. Bxa7 Rxa7 18.
Nd4 Qb6 19. Nxf5 Bxf5 20. Na4 Qc7 21. Rac1 Qxe5 22. c4 Rb8 23. Rfe1 Qf6 24. Qf4 Rba8 25. cxd5 cxd5 26. Rc6 Qg6 27. Kh2 Rf8 28. Nc5 Be4 29.
Nxe4 dxe4 30. Rxe4 Rd7 31. Rd4 Rxd4 32. Qxd4 Qg5 33.
Rxa6 Rd8 34. Qe4 g6 35. Ra8 Kh7 36. Rxd8 Qxd8 37. Qf4 Kg8 38. b5 g5 39. Qe5 Qa5 40.
g3 Qxa3 41. b6 Qa2 42. Qe3 Qb2 43. Qc5 Kh7 44. Kg2 h5 45. Qc7 Qb3 46. b7 Qd5+ 47. Kg1 Qd1+ 48. Kh2 Qf3 49. Qb6 h4 50. b8=Q f5 51. Q8c7+ Kh6 52. Qcd6 Kh5 53. Qxe6 hxg3+ 54. Kg1 Qd1+ 55. Kg2 1-0

[Event "*** Titled Tuesday Blitz"]
[Site "Chess.com"]
[Date "2021.03.30"]
[Round "3"]
[White "mr65"]
[Black "MF1966Idrisov"]
[Result "0-1"]
[WhiteElo "2097"]
[BlackElo "2368"]
[TimeControl "180+1"]
[EndTime "10:28:53 PDT"]
[Termination "MF1966Idrisov won by resignation"]

1. e4 c6 2. Nc3 d5 3. Nf3 Bg4 4. h3 Bxf3 5. Qxf3 e6 6. g3 Nd7 7. Bg2 dxe4 8. Nxe4 Ngf6 9. O-O Nxe4 10. Qxe4 Nf6 11. Qe2 Bc5 12. c3 O-O 13. d4 Be7 14. a4 a5 15. Re1 Re8 16. Bd2 Qb6 17. Bg5 h6 18. Bf4 Nd5 19. Be5 Bf6 20. Qd2 Bxe5 21. Rxe5 Rad8 22. Rae1 Qb3 23. f4 Qxa4 24. f5 Qb3 25.
fxe6 Rxe6 26. Rxe6 fxe6 27. Be4 Rf8 28. Bc2 Qb5 29. Bd3 Qb3 30. Bc2 Qb5 31. Bd3 Qb6 32.
Rxe6 Qc7 33. Re5 Qf7 34. Qe2 Qf3 35. h4 Qxe2 36. Bxe2 b6 37. Bc4 Rd8 38. Bxd5+ Rxd5 39. Rxd5 cxd5 40. Kf2 Kf7 41. Ke3 Kf6 42. Kf4 g5+ 43.
hxg5+ hxg5+ 44. Kg4 Kg6 45. Kf3 Kf5 46. g4+ Ke6 47. Ke3 Kd6 48. Kd3 Kc6 49. Kc2 Kb5 50. Kb3 a4+ 51. Ka3 Ka5 52. b4+ axb3 53. Kxb3 Kb5 54. Ka3 Kc4 55. Kb2 b5 56. Kc2 b4 57.
cxb4 Kxb4 58. Kd3 Kb3 0-1

[Event "*** Titled Tuesday Blitz"]
[Site "Chess.com"]
[Date "2021.03.30"]
[Round "3"]
[White "muchojogo"]
[Black "louis198"]
[Result "1-0"]
[WhiteElo "2412"]
[BlackElo "2569"]
[TimeControl "180+1"]
[EndTime "10:28:54 PDT"]
[Termination "muchojogo won by resignation"]

1. d4 e6 2. Bf4 c5 3. e3 Nf6 4.
Nd2 Nd5 5. Bg3 cxd4 6. exd4 d6 7.
Ngf3 Be7 8. Bd3 f5 9. h3 O-O 10. c3 a6 11. O-O b5 12. a4 bxa4 13. Rxa4 Bb7 14. Nc4 Nb6 15. Nxb6 Qxb6 16. Qe2 Bc8 17. Rfa1 Ra7 18. Rb4 Qc7 19. Bh4 Bxh4 20. Nxh4 Nc6 21.
Rba4 a5 22. Bb5 Ne7 23. Nf3 Nd5 24. Ng5 Qe7 25. h4 h6 26. Nf3 Qc7 27. g3 f4 28.
g4 Nf6 29. g5 hxg5 30. hxg5 Nd5 31. Qe4 Rf5 32. Kg2 Nxc3 33. bxc3 Rxb5 34. Rh1 Rf5 35.
d5 Qf7 36. dxe6 Qxe6 37. Qd4 Rc7 38. Re1 Qf7 39. Qxd6 Rd7 40. Qb8 Qf8 41. Qb3+ Rdf7 42. Rae4 Bd7 43. g6 Rf6 44. gxf7+ Rxf7 45. Re7 a4 46.
Qxf7+ Qxf7 47. Rxf7 Kxf7 48. Ne5+ 1-0

[Event "*** Titled Tuesday Blitz"]
[Site "Chess.com"]
[Date "2021.03.30"]
[Round "3"]
[White "Rozhkov_V"]
[Black "Rozum_Ivan"]
[Result "0-1"]
[WhiteElo "2347"]
[BlackElo "2728"]
[TimeControl "180+1"]
[EndTime "10:28:54 PDT"]
[Termination "Rozum_Ivan won by resignation"]

1. e4 c6 2. d4 d5 3. e5 Bf5 4.
Nd2 e6 5. Nb3 c5 6. dxc5 Bxc5 7.
Nxc5 Qa5+ 8. c3 Qxc5 9. Be3 Qc7 10. f4 Ne7 11. Nf3 Nbc6 12. Be2 O-O 13. O-O Be4 14. Nh4 f6 15. exf6 Rxf6 16. Bd3 Nf5 17. Nxf5 exf5 18. Qd2 Qf7 19. Rae1 Re8 20. b4 a6 21. a4 Rg6 22. Bxe4 dxe4 23. b5 Na5 24. Bd4 Nb3 25. Qe3 Rd6 26. Be5 Rd3 27. Qb6 Nd2 28. Rf2 Nc4 29. Qc5 Nxe5 30. fxe5 Rd5 31. Qb6 axb5 32. axb5 Rdxe5 33. h3 h6 34. c4 Qxc4 35.
Qxb7 Qxb5 36. Qc7 Qc5 37. Qd7 Qe7 38. Qd4 Qe6 39. Kh1 Kh7 40. Qe3 Re7 41. Qf4 Rd5 42. Rfe2 Qd6 43. Qh4 Rd1 44. Qf2 Rxe1+ 45. Rxe1 Qe5 46.
Rf1 Rf7 47. Qe3 f4 48. Qe2 e3 49. Re1 Qf5 50. Qf3 Re7 51. Rf1 e2 52. Re1 Qe4 53. Qf2 Qe3 54. Kg1 Kg6 0-1

[Event "*** Titled Tuesday Blitz"]
[Site "Chess.com"]
[Date "2021.03.30"]
[Round "3"]
[White "DenisQ"]
[Black "ApacheSVD"]
[Result "1-0"]
[WhiteElo "2641"]
[BlackElo "2415"]
[TimeControl "180+1"]
[EndTime "10:28:55 PDT"]
[Termination "DenisQ won on time"]

1. Nf3 c5 2. g3 Nc6 3. Bg2 e5 4. c4 d6 5. Nc3 g6 6. O-O Bg7 7. a3 Nge7 8. Rb1 O-O 9. b4 b6 10. b5 Na5 11. Nxe5 dxe5 12. Bxa8 Bf5 13. e4 Bh3 14.
Bd5 Bxf1 15. Qxf1 Kh8 16. d3 f5 17. Bg5 Bf6 18. Bxf6+ Rxf6 19. exf5 gxf5 20. Re1 Ng6 21. Qe2 Nb3 22. Qh5 Nd4 23. Kg2 Qf8 24. Qg5 Qg7 25. Kf1 h6 26. Qh5 Rf8 27. a4 Nc2 28. Rc1 Nb4 29. Qe2 Qf6 30. Bg2 Ne7 31. Re1 e4 32. Nxe4 fxe4 33. Bxe4 Nf5 34. Bxf5 Qxf5 35. Qe5+ Qxe5 36. Rxe5 Rf7 37. Ke2 Rd7 38. Re3 Kg7 39. Kd2 Rf7 40. f4 Kg6 41. Kc3 Rd7 42. g4 Kf6 43. h4 Rd4 44. Rf3 1-0